 Dungeon Crawl Stone Soup version 0.30.0-5-g1a98f26d00 (webtiles) character file.

Game seed: 13394125015557501628

176232 DearestLeader the Cryomancer (level 17, -1/146 HPs)
             Began as a White Draconian Conjurer on May 6, 2023.
             Was the Champion of Vehumet.
             Constricted to death by a nagaraja (2 damage)
             ... on level 4 of the Snake Pit on May 12, 2023.
             The game lasted 02:19:57 (39875 turns).

DearestLeader the Cryomancer (DrCj)                Turns: 39875, Time: 02:19:58

Health: -1/146     AC: 18    Str:  5    XL:     17   Next: 50%
Magic:  0/41       EV: 12    Int: 30    God:    Vehumet [******]
Gold:   2487       SH:  0    Dex: 10    Spells: 10/39 levels left

rFire   + . .        p - staff of cold
rCold   + + +        Q - orb "Xirhyt" {*channel, rElec rN++ Will+++ Str-4}
rNeg    + + .        (body armour unavailable)
rPois   +            R - +2 hat {Will+}
rElec   +            P - +0 cloak
rCorr   .            A - +2 pair of gloves of Skepticism {rPois rF+ rC+ Int+3}
SInv    .            b - +2 pair of boots
Will    +++++        S - amulet of guardian spirit
Stlth   ++           K - ring of magical power
HPRegen 0.44/turn    N - ring of wizardry
MPRegen 0.27/turn

%: guardian spirit, wizardry (x1), channel magic (20%)
@: constricted
A: breathe frost, AC +9, unfitting armour, cold resistance 1, cold-blooded
a: Breathe Frost, Renounce Religion


You were on level 4 of the Snake Pit.
You worshipped Vehumet.
Vehumet was exalted by your worship.
You visited 5 branches of the dungeon, and saw 27 of its levels.

You collected 3628 gold pieces.
You spent 1141 gold pieces at shops.

Inventory:

Missiles
 d - 10 boomerangs of dispersal (quivered)
 B - 2 throwing nets
Armour
 b - a +2 pair of boots (worn)
 A - the +2 pair of gloves of Skepticism (worn) {rPois rF+ rC+ Int+3}
   (You acquired it on level 6 of the Dungeon)

   Int:       It affects your intelligence (+3).
   rF:        It protects you from fire.
   rC:        It protects you from cold.
   rPois:     It protects you from poison.
 P - a +0 cloak (worn)
 Q - the orb "Xirhyt" (worn) {*channel, rElec rN++ Will+++ Str-4}
   (You bought it in a shop on level 2 of the Orcish Mines)

   Str:       It affects your strength (-4).
   rElec:     It insulates you from electricity.
   rN:        It greatly protects you from negative energy.
   Will:      It greatly increases your willpower.
 R - a +2 hat of willpower (worn)
 Z - a +2 kite shield
Magical Staves
 p - a staff of cold (weapon)
Jewellery
 y - a ring of positive energy
 H - a ring of poison resistance
 K - a ring of magical power (left hand)
 N - a ring of wizardry (right hand)
 S - an amulet of guardian spirit (around neck)
 U - a ring of resist corrosion
 W - a ring of protection from fire
Wands
 a - a wand of polymorph (6)
 g - a wand of iceblast (14)
 z - a wand of digging (7)
 D - a wand of flame (19)
 E - a wand of paralysis (19)
 M - a wand of mindburst (8)
 O - a wand of acid (10)
Scrolls
 c - 8 scrolls of enchant weapon
 h - 3 scrolls of amnesia {unknown}
 i - 5 scrolls of magic mapping
 k - 7 scrolls of teleportation
 l - 2 scrolls of fear
 m - 4 scrolls of vulnerability
 o - a scroll of poison {unknown}
 q - 3 scrolls of brand weapon {unknown}
 u - 2 scrolls of blinking {unknown}
 w - 2 scrolls of torment {unknown}
 x - 2 scrolls of silence {unknown}
 G - 4 scrolls of fog
 V - a scroll of identify
Potions
 e - 5 potions of might
 j - 5 potions of haste
 n - 14 potions of curing
 r - 6 potions of brilliance
 s - a potion of ambrosia {unknown}
 t - 5 potions of lignification
 v - 3 potions of heal wounds
 C - 5 potions of cancellation
 F - 2 potions of resistance {unknown}
 I - 6 potions of mutation
 L - 4 potions of degeneration {unknown}
 T - a potion of berserk rage {unknown}
 X - 4 potions of flight
 Y - a potion of invisibility {unknown}
Miscellaneous
 f - a lightning rod (4/4)


   Skills:
 + Level 11.6 Fighting
 - Level 12.0 Staves
 + Level 11.3 Dodging
 - Level 2.0 Stealth
 - Level 4.0 Shields
 + Level 11.6 Spellcasting
 - Level 10.0 Conjurations
 - Level 4.0 Hexes
 - Level 5.0 Necromancy
 * Level 21.3 Ice Magic
 - Level 6.0 Air Magic
 - Level 4.0 Evocations


You had 10 spell levels left.
You knew the following spells:

 Your Spells              Type           Power      Damage    Failure   Level
a - Magic Dart            Conj           100%       1d8       1%          1
b - Searing Ray           Conj           100%       2d8       1%          2
c - Fulminant Prism       Conj/Hex       28%        3d14      1%          4
d - Swiftness             Air            52%        N/A       1%          3
e - Ozocubu's Armour      Ice            100%       N/A       1%          3
f - Freezing Cloud        Conj/Ice/Air   47%        6-21      1%          5
g - Metabolic Englaciati  Hex/Ice        48%        N/A       1%          5
h - Simulacrum            Ice/Necr       49%        N/A       3%          6

Your spell library contained the following spells:

 Spells                   Type           Power      Damage    Failure   Level
 Arcjolt                  Conj/Air       30%        1d40      1%          5
 Foxfire                  Conj/Fire      100%       2x1d9     1%          1
 Ensorcelled Hibernation  Hex/Ice        100%       N/A       1%          2
 Sublimation of Blood     Necr           47%        N/A       1%          2
 Dazzling Flash           Conj/Hex       100%       N/A       1%          3
 Iskenderun's Mystic Bla  Conj/Tloc      47%        2d10      1%          4
 Cigotuvi's Dreadful Rot  Necr/Pois/Air  78%        N/A       2%          2
 Ignite Poison            Fire/Tmut/Pois 17%        N/A       2%          3
 Fireball                 Conj/Fire      23%        3d11      3%          5
 Beastly Appendage        Tmut           34%        N/A       4%          1
 Summon Small Mammal      Summ           68%        N/A       4%          1
 Summon Guardian Golem    Hex/Summ       29%        N/A       4%          3
 Passwall                 Tmut/Erth      14%        N/A       5%          2
 Wereblood                Tmut           17%        N/A       5%          2
 Olgreb's Toxic Radiance  Pois           17%        N/A       7%          4
 Call Canine Familiar     Summ           17%        N/A       9%          3
 Spider Form              Tmut/Pois      17%        N/A       9%          3
 Leda's Liquefaction      Hex/Erth       14%        N/A       12%         4
 Starburst                Conj/Fire      23%        6d8       12%         6
 Lee's Rapid Deconstruct  Erth           8%         3d7*      16%         5
 Plasma Beam              Fire/Air       17%        2x1d32    22%         6
 Summon Forest            Summ/Tloc      8%         N/A       47%         5
 Eringya's Noxious Bog    Tmut/Pois      8%         N/A       50%         6
 Statue Form              Tmut/Erth      11%        N/A       92%         6
 Summon Hydra             Summ           8%         N/A       100%        7
 Discord                  Hex            20%        N/A       100%        8
 Ignition                 Fire           8%         3d5       100%        8


Dungeon Overview and Level Annotations

Branches:
Dungeon (15/15)            Temple (1/1) D:6            Lair (5/5) D:11
  Swamp (0/4) Lair:2        Snake (4/4) Lair:3        Slime (0/5) Lair:4
    Orc (2/2) D:12            Elf (0/3) Orc:2        Vaults (0/5) D:14
 Depths (0/4) D:15

Altars:
Ashenzari
Cheibriados
Dithmenos
Elyvilon
Fedhas
Gozag
Hepliaklqana
Kikubaaqudgha
Makhleb
Nemelex Xobeh
Okawaru
Qazlal
Ru
Sif Muna
Trog
Uskayaw
Vehumet
Wu Jian
Xom
Yredelemnul
Zin
The Shining One
Jiyva

Shops:
D:15 !   Orc:1 (   Orc:2 [([[   Snake:3 (

Portals:
Trove: D:14 (give +6 fire dragon scales)

Annotations:
D:5 1 runed translucent door
Orc:2 Saint Roka


Innate Abilities, Weirdness & Mutations

You can breathe waves of freezing cold which knock back foes.
Your icy white scales are hard. (AC +9)
You cannot fit into any form of body armour.
Your flesh is cold resistant. (rC+)
You are cold-blooded and may be slowed by cold attacks.


Message History

You freeze the guardian serpent.
Your tail-slap misses the guardian serpent.
The guardian serpent is severely wounded.
You are engulfed in freezing vapours.
You resist.
The nagaraja is engulfed in freezing vapours.
The nagaraja hits you with a +0 whip! The nagaraja closely misses you.
The salamander tyrant is engulfed in freezing vapours.
The salamander tyrant hits you.
You are engulfed in flames!
You resist.
The guardian serpent is engulfed in freezing vapours.
The guardian serpent closely misses you.
Casting: Freezing Cloud (mildly dangerous; 1% risk of failure)
Confirm with . or Enter, or press ? or * to list all spells.
Aiming: Simulacrum (dangerous; 3% risk of failure)
Press: ? - help, Shift-Dir - straight line, f/p - salamander tyrant
Aim: a salamander tyrant (freezing vapour, moderately wounded)
You feel a surge of power!
You freeze the salamander tyrant's soul.
You are engulfed in freezing vapours.
You resist.
The guardian serpent is engulfed in freezing vapours.
The guardian serpent hits you!
* * * LOW HITPOINT WARNING * * *
The nagaraja is engulfed in freezing vapours.
The nagaraja points at you and mumbles some strange words.
The bolt of poison hits you! You resist.
* * * LOW HITPOINT WARNING * * *
The guardian serpent is engulfed in freezing vapours.
You kill the guardian serpent!
Vehumet accepts your kill.
The guardian serpent is engulfed in freezing vapours.
The guardian serpent completely misses you.
The salamander tyrant is engulfed in freezing vapours.
The salamander tyrant hits you!
* * * LOW HITPOINT WARNING * * *
You are engulfed in flames!
You resist.
* * * LOW HITPOINT WARNING * * *
The nagaraja is engulfed in freezing vapours.
The nagaraja hits you with a +0 whip!
* * * LOW HITPOINT WARNING * * *
The nagaraja grabs you. The nagaraja constricts you.
You die...

##. #☼○. §§. §.. ##.##
#§Z§# ## ###)### ###.##
####..Z@§####
###....###.....NNS...#
......##....)÷.§§§.....#
......#...[.÷$..........
...(.##.................
...).#|.................
.....#)..)..............
......[).).)..<.<.......
....)#[†................


You could see a nagaraja (fast, catching breath, ally target), a salamander
tyrant (simulacrum), a guardian serpent (ally target) and 2 friendly salamander
tyrant simulacra.

Vanquished Creatures
  Gastronok (Lair:1)
  7 nagarajas
  Azrael (Snake:3)
  An ettin (D:15)
  2 fire dragons
  The ghost of Jeban the Spear-Bearer, a journeyman OpFi of Gozag (Lair:5)
  Josephine (D:15)
  7 hydras
  A catoblepas (Lair:4)
  4 centaur warriors
  8 anacondas
  4 salamander tyrants (Snake:4)
  An ogre mage (D:15)
  A death knight (D:14)
  20 death yaks
  8 two-headed ogres
  6 boulder beetles
  4 tengu warriors
  13 naga warriors
  An orc high priest (Orc:1)
  10 shock serpents
  4 naga sharpshooters
  Amaemon (Lair:1)
  2 skysharks
  3 salamander mystics
  Lodul (D:11)
  5 sea snakes (Snake:4)
  5 skeletal warriors (D:15)
  5 naga ritualists
  A wizard (D:14)
  3 orc knights
  A necromancer (D:15)
  A lindwurm (Lair:5)
  10 mana vipers
  5 deep elf pyromancers
  2 wolf spiders (D:14)
  A deep elf zephyrmancer (D:15)
  5 orc sorcerers
  14 salamanders
  3 manticores
  6 ugly things
  5 oklob plants
  10 elephants
  35 black mambas
  5 guardian serpents
  6 cyclopes
  9 naga magi
  Joseph (Lair:1)
  A black mamba (shapeshifter) (D:14)
  2 gargoyles
  10 cane toads
  2 molten gargoyles (Lair:5)
  An orange demon (Lair:1)
  Maggie (Lair:2)
  An unseen horror (D:12)
  9 komodo dragons
  4 tengu conjurers
  3 rime drakes
  A polar bear (Lair:4)
  5 trolls
  A hornet (D:9)
  17 blink frogs
  Prince Ribbit (D:7)
  7 slime creatures
  A shadow (D:9)
  A centaur simulacrum (D:15)
  A spriggan (shapeshifter) (D:15)
  A vampire (D:11)
  34 yaks
  Eustachio (D:5)
  7 wyverns
  7 basilisks
  10 wraiths
  3 steam dragons
  9 vampire mosquitoes
  23 nagas
  8 wargs
  9 hell hounds
  Duvessa (D:5)
  An acid dragon (D:12)
  7 water moccasins
  37 orc warriors
  A black bear (Lair:1)
  An ice beast (D:7)
  5 boggarts (D:15)
  16 ogres
  9 centaurs
  3 kobold brigands
  12 bullfrogs
  3 necrophages (D:4)
  A gnoll sergeant (D:10)
  13 scorpions
  A water moccasin zombie (D:4)
  4 wights
  Dowan (D:5)
  12 killer bees
  5 electric eels
  5 howler monkeys
  A jelly (D:3)
  13 lava snakes
  A human zombie (D:4)
  26 orc priests
  A centaur zombie (D:4)
  5 hounds
  2 gnoll boudas
  2 sleepcaps
  An iguana (D:5)
  26 orc wizards
  9 hell rats
  2 hound zombies (D:4)
  A mummy (D:4)
  A howler monkey zombie (D:4)
  11 gnolls
  3 adders
  3 river rats (D:6)
  A shadow imp (D:5)
  A white imp (D:7)
  An ufetubus (D:4)
  2 worms (D:2)
  8 dart slugs
  108 orcs
  3 bats
  5 endoplasms
  5 giant cockroaches
  2 goblins
  11 hobgoblins
  14 jackals
  18 kobolds
  2 quokkas
  3 ball pythons
  3 frilled lizards (D:1)
  A quokka zombie (D:4)
  6 rats
872 creatures vanquished.

Vanquished Creatures (collateral kills)
  Agnes (Snake:3)
  A nagaraja (Snake:2)
  A salamander tyrant (Snake:4)
  An anaconda (Snake:1)
  A naga warrior (Snake:4)
  3 naga sharpshooters
  A shock serpent (Snake:4)
  4 naga ritualists
  A mana viper (Snake:1)
  6 guardian serpents (Snake:4)
  5 salamanders
  5 naga magi
  4 nagas
  A warg (Orc:2)
  An orc (Orc:2)
36 creatures vanquished.

Vanquished Creatures (others)
  An anaconda (Snake:3)
  A salamander tyrant (Snake:4)
  59 fulminant prisms
61 creatures vanquished.

Grand Total: 969 creatures vanquished

Notes
Turn   | Place    | Note
-------+----------+-------------------------------------------
     0 | D:1      | DearestLeader the Draconian Conjurer began the quest for
                  | the Orb.
     0 | D:1      | Reached XP level 1. HP: 14/14 MP: 3/3
   260 | D:1      | Reached XP level 2. HP: 22/22 MP: 5/5
   290 | D:1      | Found a faded altar of an unknown god.
   388 | D:1      | Reached skill level 1 in Fighting
   644 | D:1      | Reached XP level 3. HP: 28/28 MP: 6/6
  1071 | D:2      | Learned a level 2 spell: Searing Ray
  1722 | D:3      | Reached skill level 5 in Conjurations
  1826 | D:3      | Reached XP level 4. HP: 36/36 MP: 1/7
  1836 | D:3      | Reached XP level 5. HP: 42/42 MP: 1/8
  2262 | D:3      | Found a white marble altar of Elyvilon.
  2715 | D:4      | Reached XP level 6. HP: 35/51 MP: 1/9
  2833 | D:4      | Found an ancient bone altar of Kikubaaqudgha.
  3201 | D:4      | Your scales start taking on an icy white colour.
  3201 | D:4      | Reached XP level 7. HP: 53/59 MP: 1/11
  3201 | D:4      | Gained mutation: Your flesh is cold resistant. (rC+) [White
                  | Draconian growth]
  3206 | D:4      | Learned a level 4 spell: Fulminant Prism
  4101 | D:4      | Reached skill level 1 in Hexes
  4223 | D:5      | Entered Level 5 of the Dungeon
  4381 | D:5      | Noticed Eustachio
  4471 | D:5      | Killed Eustachio
  4472 | D:5      | Reached XP level 8. HP: 45/67 MP: 0/13
  4523 | D:5      | Noticed Dowan
  4605 | D:4      | Upgraded the game from 0.30.0 to 0.30.0-5-g1a98f26d00
  4626 | D:5      | Noticed Duvessa
  4634 | D:5      | Found a shadowy altar of Dithmenos.
  4640 | D:5      | Learned a level 3 spell: Swiftness
  4697 | D:5      | Reached skill level 5 in Fighting
  4708 | D:5      | Found a runed translucent door.
  4710 | D:5      | Found a runed translucent door.
  5190 | D:5      | Killed Dowan
  5191 | D:5      | Reached skill level 1 in Ice Magic
  5244 | D:5      | Killed Duvessa
  5842 | D:6      | Identified 2 scrolls of acquirement
  5842 | D:6      | Acquired the +2 pair of gloves of Skepticism {rPois rF+ rC+
                  | Int+3}
  5854 | D:6      | Acquired a book of Winter
  5860 | D:6      | Learned a level 3 spell: Ozocubu's Armour
  5973 | D:6      | Reached skill level 2 in Ice Magic
  6035 | D:6      | Found a staircase to the Ecumenical Temple.
  6150 | Temple   | Entered the Ecumenical Temple
  6548 | D:6      | Found an opulent altar of Gozag.
  6834 | D:6      | Reached skill level 1 in Staves
  7095 | D:6      | Reached skill level 3 in Ice Magic
  7197 | D:6      | Found a sparkling altar of Nemelex Xobeh.
  7601 | D:7      | Noticed Prince Ribbit
  7702 | D:7      | Reached skill level 4 in Ice Magic
  7702 | D:7      | Reached XP level 9. HP: 43/74 MP: 6/15
  7760 | D:7      | Killed Prince Ribbit
  8070 | D:7      | Reached skill level 5 in Ice Magic
  8358 | D:7      | Reached skill level 5 in Spellcasting
  8669 | D:7      | Found a broken altar of Ashenzari.
  8716 | D:7      | Found a snail-covered altar of Cheibriados.
  8773 | D:7      | Found an iron altar of Okawaru.
  8782 | D:7      | Found a glowing golden altar of the Shining One.
  8878 | D:8      | Reached skill level 6 in Ice Magic
  8953 | D:8      | Found an ornate altar of the Wu Jian Council.
  8953 | D:8      | Found a blossoming altar of Fedhas.
  8954 | D:8      | Found a sacrificial altar of Ru.
  9006 | D:8      | Found a stormy altar of Qazlal.
  9285 | D:8      | Noticed a red ugly thing
  9297 | D:8      | Killed a red ugly thing
  9477 | D:8      | Reached skill level 7 in Ice Magic
 10348 | D:9      | Reached XP level 10. HP: 66/81 MP: 15/17
 10515 | D:9      | Reached skill level 8 in Ice Magic
 10795 | D:9      | Reached skill level 5 in Staves
 10797 | D:9      | Reached skill level 9 in Ice Magic
 11005 | D:9      | Reached skill level 1 in Evocations
 11922 | D:5      | Reached skill level 10 in Ice Magic
 12271 | D:10     | Entered Level 10 of the Dungeon
 12391 | D:10     | Noticed a gargoyle
 12407 | D:10     | Killed a gargoyle
 12746 | D:10     | Found a shimmering altar of Xom.
 12747 | D:10     | Found a shimmering altar of Xom.
 12846 | D:10     | Reached XP level 11. HP: 50/86 MP: 17/18
 12853 | D:10     | Learned a level 5 spell: Freezing Cloud
 13133 | D:10     | Found a radiant altar of Vehumet.
 13137 | D:10     | Became a worshipper of Vehumet
 13183 | D:10     | Reached skill level 1 in Air Magic
 13306 | D:10     | Found a hazy altar of Hepliaklqana.
 13383 | D:10     | Found a shimmering altar of Xom.
 13388 | D:10     | Found a shimmering altar of Xom.
 13388 | D:10     | Found a shimmering altar of Xom.
 13687 | D:11     | Reached skill level 11 in Ice Magic
 13867 | D:11     | Found a staircase to the Lair.
 14051 | D:11     | Noticed Lodul
 14063 | D:11     | Identified the +5 falchion "Beat" {vamp, Fly rC+ rCorr
                  | Dex-4}
 14454 | Lair:1   | Entered Level 1 of the Lair of Beasts
 14468 | Lair:1   | Noticed Gastronok
 14504 | Lair:1   | Killed Gastronok
 14658 | Lair:1   | Noticed Amaemon
 14664 | Lair:1   | Killed Amaemon
 14696 | Lair:1   | Noticed Joseph
 14709 | Lair:1   | Killed Joseph
 14845 | Lair:1   | Reached skill level 12 in Ice Magic
 15130 | Lair:1   | Reached skill level 5 in Dodging
 15134 | Lair:1   | Reached * piety under Vehumet
 15134 | Lair:1   | Offered knowledge of Shock by Vehumet.
 15795 | Lair:2   | Noticed a skyshark
 15805 | Lair:2   | Killed a skyshark
 15849 | Lair:2   | Reached XP level 12. HP: 74/94 MP: 20/20
 15992 | Lair:2   | Found a blossoming altar of Fedhas.
 16106 | Lair:2   | Reached skill level 13 in Ice Magic
 16660 | Lair:2   | Noticed Maggie
 16666 | Lair:2   | Killed Maggie
 16731 | Lair:2   | Found a staircase to the Swamp.
 17276 | Lair:3   | Noticed a four-headed hydra
 17284 | Lair:3   | Killed a four-headed hydra
 18092 | Lair:3   | Learned a level 5 spell: Metabolic Englaciation
 18158 | Lair:3   | Found a staircase to the Snake Pit.
 18372 | Lair:3   | Reached skill level 14 in Ice Magic
 19017 | Lair:4   | Noticed a death yak
 19017 | Lair:4   | Noticed a death yak
 19017 | Lair:4   | Noticed a death yak
 19017 | Lair:4   | Noticed a death yak
 19017 | Lair:4   | Noticed a death yak
 19017 | Lair:4   | Noticed a death yak
 19030 | Lair:3   | Killed a death yak
 19033 | Lair:3   | Killed a death yak
 19429 | Lair:3   | Killed a death yak
 19436 | Lair:3   | Killed a death yak
 19437 | Lair:3   | Reached XP level 13. HP: 40/102 MP: 9/23
 19697 | Lair:4   | Offered knowledge of Poisonous Vapours by Vehumet.
 19698 | Lair:4   | Reached ** piety under Vehumet
 20034 | Lair:4   | Identified the +8 halberd "Wyphef" {protect, rElec Str-4
                  | Int-4 Dex+8}
 20069 | Lair:4   | Reached skill level 5 in Air Magic
 20300 | Lair:4   | Found a viscous altar of Jiyva.
 20302 | Lair:4   | Found a staircase to the Slime Pits.
 20594 | Lair:4   | Reached skill level 15 in Ice Magic
 20873 | Lair:4   | Found the +5 robe of Night {Dark Will+ SInv}
 21024 | Lair:5   | Entered Level 5 of the Lair of Beasts
 21116 | Lair:5   | Offered knowledge of Frozen Ramparts by Vehumet.
 21319 | Lair:5   | Found a runed translucent gate.
 21319 | Lair:5   | Found a runed translucent gate.
 21320 | Lair:5   | Found a runed translucent gate.
 21325 | Lair:5   | Noticed Jeban's ghost (journeyman OpFi)
 21456 | Lair:5   | Killed Jeban's ghost
 21544 | Lair:5   | Reached *** piety under Vehumet
 21818 | Lair:5   | Offered knowledge of Flame Wave by Vehumet.
 21821 | Lair:5   | Reached XP level 14. HP: 104/114 MP: 21/26
 21970 | Lair:5   | Found a large runed translucent door.
 21971 | Lair:5   | Found a large runed translucent door.
 21980 | Lair:5   | Reached skill level 16 in Ice Magic
 22312 | Lair:5   | Reached **** piety under Vehumet
 22512 | Lair:5   | Identified the +1 robe of the Pit {rF+ Int+3}
 22646 | Lair:5   | Offered knowledge of Hailstorm by Vehumet.
 22647 | Lair:5   | Reached skill level 10 in Staves
 23505 | D:11     | Killed Lodul
 24010 | D:12     | Identified the +1 glaive "Zamofabu" {freeze, rCorr}
 24138 | D:12     | Found a staircase to the Orcish Mines.
 24613 | D:12     | Found a blossoming altar of Fedhas.
 25108 | D:13     | Reached skill level 17 in Ice Magic
 25506 | D:13     | You fall into a shaft and drop 2 floors!
 25506 | D:15     | Entered Level 15 of the Dungeon
 25718 | D:14     | Found a gate to the Vaults.
 25835 | D:14     | Reached ***** piety under Vehumet
 26187 | D:14     | Offered knowledge of Conjure Ball Lightning by Vehumet.
 26259 | D:14     | Reached XP level 15. HP: 69/124 MP: 20/28
 26397 | D:14     | Found a burning altar of Makhleb.
 26721 | D:14     | Found a portal to a secret trove of treasure.
 27097 | D:15     | Noticed Josephine
 27108 | D:15     | Killed Josephine
 27204 | D:15     | Found a sacrificial altar of Ru.
 27344 | D:15     | Found a staircase to the Depths.
 27950 | D:15     | Reached skill level 10 in Conjurations
 27950 | D:15     | Reached skill level 18 in Ice Magic
 29011 | D:15     | Found Reekkiff's Distillery.
 29021 | D:15     | Bought a potion of heal wounds for 75 gold pieces
 29021 | D:15     | Bought a potion of mutation for 120 gold pieces
 29021 | D:15     | Bought a potion of heal wounds for 75 gold pieces
 29832 | D:13     | Reached skill level 10 in Fighting
 30397 | Orc:1    | Entered Level 1 of the Orcish Mines
 30460 | Orc:1    | Found Nough's Weapon Boutique.
 30872 | Orc:1    | Found a shimmering blue altar of Sif Muna.
 31080 | Orc:2    | Entered Level 2 of the Orcish Mines
 31183 | Orc:2    | Paralysed by an orc sorcerer for 2 turns
 31553 | Orc:2    | Learned a level 6 spell: Simulacrum
 31583 | Orc:2    | Found a staircase to the Elven Halls.
 31713 | Orc:2    | Found Teshaw's Armour Shop.
 31719 | Orc:2    | Bought the orb "Xirhyt" {*channel, rElec rN++ Will+++
                  | Str-4} for 871 gold pieces
 31948 | Orc:2    | Found Netat's Armour Emporium.
 32215 | Orc:2    | Reached skill level 1 in Necromancy
 32219 | Orc:2    | Reached ****** piety under Vehumet
 32240 | Orc:2    | Reached skill level 10 in Spellcasting
 32245 | Orc:2    | Noticed Saint Roka
 32246 | Orc:2    | Offered knowledge of Ozocubu's Refrigeration by Vehumet.
 32791 | Orc:2    | Found Honaf's Antique Armour Shoppe.
 32793 | Orc:2    | Found Gudyb's Antique Weapon Emporium.
 33295 | Snake:1  | Entered Level 1 of the Snake Pit
 33639 | Snake:1  | Reached XP level 16. HP: 134/134 MP: 30/30
 33986 | Snake:1  | Reached skill level 19 in Ice Magic
 35057 | Snake:2  | Reached skill level 10 in Dodging
 36285 | Snake:3  | Offered knowledge of Irradiate by Vehumet.
 36506 | Snake:3  | Noticed Azrael
 36987 | Snake:3  | Reached skill level 20 in Ice Magic
 37047 | Snake:3  | Killed Azrael
 37060 | Snake:3  | Noticed Agnes
 37067 | Snake:3  | Killed Agnes
 37477 | Snake:3  | Found Qela's Weapon Shop.
 37579 | Snake:3  | Reached skill level 5 in Necromancy
 38327 | Snake:4  | Entered Level 4 of the Snake Pit
 38625 | Snake:4  | Reached XP level 17. HP: 108/143 MP: 32/32
 39068 | Snake:4  | Offered knowledge of Arcjolt by Vehumet.
 39454 | Snake:4  | Reached skill level 21 in Ice Magic
 39875 | Snake:4  | HP: 1/146 [nagaraja/+0 whip (7)]
 39875 | Snake:4  | Constricted to death by a nagaraja

Illustrated notes

Levels and vault maps discovered:
D:1:      amcnicky_arrival_flooded_fountain, layout_loops_cross,
          chequers_ecumenical_altar_simple
D:2:      layout_basic, basic_altar
D:3:      kennysheep_big_flooded_room, layout_loops_corners, elyvilon_altar_3,
          nicolae_figureground_pulse
D:4:      layout_loops_ring, lemuel_mausoleum_altar_kikubaaqudgha, minivault_27
D:5:      lemuel_insect_pit, layout_basic, nicolae_dithmenos_the_darkroom,
          uniq_duvessa, uniq_eustachio
D:6:      layout_gridville, nemelex_spade_bored_becter, grunt_gozag_statues,
          minmay_temple_entry_junction_2, gup_sewer_entry_spiral,
          minmay_unpleasant_kobolds
D:7:      layout_rooms, kennysheep_mini, mainiacjoe_overflow_swirl,
          general_overflow_altar, uniq_prince_ribbit1
D:8:      layout_layer_cave, nicolae_overflow_quartered_altars,
          kennysheep_flooded_box, kennysheep_generic_room_5
D:9:      layout_loops_ring, chequers_serial_rivers_room_a,
          kennysheep_cluttered_room
D:10:     layout_basic, mainiacjoe_overflow_tiny_flanked, xom_shifter_show,
          mainiacjoe_overflow_24_doors, grunt_decor_junction
D:11:     layout_stronghold, david_lair_shrubbed, dreamdust_mushroom_princess,
          hangedman_decor_peaks_small, uniq_lodul
D:12:     layout_basic, minmay_orc_entry_guard_dogs, minivault_27,
          minmay_ruined_shrine
D:13:     layout_layer_cave, special_room [special_room_orc]
D:14:     minmay_inside_and_out, layout_cave_pools, dk_noncrumbling_3,
          enter_trove_6, bloody_makhleb
D:15:     hangedman_depths_entry_civil_slaughter, layout_stronghold,
          serial_shops, shop, nicolae_ru_awakened_eye, uniq_josephine
Temple:   nicolae_temple_two_arcs
Lair:1:   layout_cave_pods, uniq_amaemon, uniq_joseph, uniq_gastronok
Lair:2:   layout_gridlike, swamp_mist_pool, serial_bayou, serial_bayou_shore_b,
          serial_bayou_lagoon_a, serial_bayou_lake_a, serial_bayou_ford_a,
          eino_small_chamber_without_monster, lemuel_oklob_altar, uniq_maggie
Lair:3:   minmay_lair_oklob_chamber, layout_chaotic_city,
          nicolae_snake_entry_squirm, dreamdust_gnoll_shepherd
Lair:4:   cheibrodos_lair_river_kwai, layout_cave_shapes, slime_entry_1,
          grunt_megastairs_4, serial_bayou_shore_a
Lair:5:   cheibrodos_lair_end_hotspot, layout_gridlike,
          ebering_ghost_rock_garden, eino_small_chamber_without_monster
Snake:1:  layout_layer_cave
Snake:2:  layout_cave_shapes, grunt_megastairs_2
Snake:3:  layout_basic, serial_shops, nicolae_shop_advertising_works
          [nicolae_subvault_shop_adworks], grunt_ministairs_3, uniq_agnes,
          uniq_azrael
Snake:4:  snake_hunt, layout_basic, st_stairs_13, nicolae_snake_snake_lake,
          nicolae_wooded_promenade, nicolae_snake_lava_pool
Orc:1:    layout_caves, serial_shops, shop, kennysheep_orc_sif_temple
Orc:2:    grunt_orc_community_town_hall, layout_caves,
          grunt_orc_community_big_house_2, grunt_orc_community_big_house_2,
          grunt_orc_community_house_3, grunt_orc_community_house_2,
          grunt_orc_community_house_1, grunt_orc_community_house_2,
          grunt_orc_community_house_3, grunt_orc_community_house_1,
          mines3_lemuel

Skill      XL: |  1  2  3  4  5  6  7  8  9 10 11 12 13 14 15 16 17 |
---------------+----------------------------------------------------+-----
Stealth        | 2 |  2.0
Dodging        | 2 3 5 6 7 8 9 10 11 | 11.3
Fighting       | 1 2 3 4 5 6 7 9 10 11 | 11.6
Conjurations   | 5 6 7 8 9 10 | 10.0
Spellcasting   | 3 4 5 7 8 9 10 11 | 11.6
Hexes          | 1 3 4 |  4.0
Ice Magic      | 4 7 10 12 14 15 17 18 20 21 | 21.3
Staves         | 2 4 6 7 8 9 10 11 12 | 12.0
Shields        | 3 4 |  4.0
Evocations     | 2 4 |  4.0
Air Magic      | 3 4 6 |  6.0
Necromancy     | 2 5 |  5.0

Action                     |  1- 3 |  4- 6 |  7- 9 | 10-12 | 13-15 | 16-18 || total
---------------------------+-------+-------+-------+-------+-------+-------++-------
  Melee: Mace              |   157 |     9 |       |       |       |       ||   166
         Tailslap          |    16 |    25 |    58 |    40 |   102 |    38 ||   279
         Punch             |     1 |     2 |     5 |       |       |       ||     8
         Whip              |       |   141 |   178 |       |       |       ||   319
         Staff             |       |       |   270 |   267 |   597 |   325 ||  1459
  Throw: Boomerang         |       |       |       |       |     4 |       ||     4
   Cast: Magic Dart        |    20 |       |     7 |     3 |     1 |     1 ||    32
         Searing Ray       |     4 |    15 |    54 |    39 |    16 |     4 ||   132
         Fulminant Prism   |       |       |    16 |    27 |    12 |     4 ||    59
         Ozocubu's Armour  |       |       |     1 |       |     1 |       ||     2
         Freezing Cloud    |       |       |       |    68 |   209 |    83 ||   360
         Swiftness         |       |       |       |     3 |     1 |       ||     4
         Metabolic Englaci |       |       |       |     6 |     7 |     9 ||    22
         Simulacrum        |       |       |       |       |    20 |    39 ||    59
Ability: Breathe Frost     |       |       |     4 |     2 |     4 |       ||    10
  Evoke: Wand              |       |       |     3 |       |       |     4 ||     7
    Use: Scroll            |       |       |    10 |     6 |    13 |     4 ||    33
         Potion            |       |       |     1 |       |     4 |     2 ||     7
   Stab: Sleeping          |     1 |     3 |     9 |       |     2 |       ||    15
         Distracted        |       |       |     1 |       |     1 |     1 ||     3
 Armour: Skin              |   112 |    75 |   230 |   159 |   244 |   132 ||   952
  Dodge: Dodged            |   183 |   125 |   351 |   162 |   361 |   222 ||  1404
  Block: Buckler           |       |       |       |    57 |    97 |       ||   154
